Map: 营救矿工

Players

二年级二班永亮

  • Race: Terran Terran
  • Spawn Location: 7:00

邀月

  • Race: Protoss Protoss
  • League: Master
  • Spawn Location: 7:00

VOD

Have the link to the VOD?

Description

Time

  • Played on: Feb. 28, 2018, 2:36 a.m.
  • Length: 23:58
Show
View Real Time Build Order
Export as new Build Order

二年级二班永亮 Terran 

Build Orders:  

Get SALT Encoding   

Show
View Real Time Build Order
Export as new Build Order

邀月 Protoss 

Build Orders:  

Get SALT Encoding   

  12  0:03  Probe (Chrono Boost)  
  13  0:16  Probe (Chrono Boost)  
  14  0:27  Probe (Chrono Boost)  
  15  0:37  Pylon  
  15  0:39  Probe (Chrono Boost)  
  16  0:51  Probe (Chrono Boost)  
  17  1:03  Gateway, Probe (Chrono Boost)  
  17  1:09  Assimilator  
  18  1:15  Probe (Chrono Boost)  
  19  1:23  Assimilator  
  19  1:27  Probe (Chrono Boost)  
  20  1:34  Robotics Facility  
  20  1:40  Robotics Bay  
  20  1:44  Probe (Chrono Boost)  
  21  1:56  Probe (Chrono Boost)  
  22  2:08  Probe (Chrono Boost)  
  15  2:20  Probe (Chrono Boost)  
  24  2:29  Forge  
  24  2:32  Warbringer's A.I. Personality  
  24  2:42  Colossus  
  30  2:57  Probe (Chrono Boost)  
  32  3:14  Purifier Armaments  
  31  3:20  Kaldalis' A.I. Personality  
  31  3:26  Cybernetics Core  
  31  3:36  Legionnaire  
  34  3:42  Taldarin's A.I. Personality  
  34  3:57  Immortal  
  38  4:41  Probe (Chrono Boost)  
  38  4:53  Warp Gate  
  38  4:58  Probe (Chrono Boost)  
  39  5:08  Nexus  
  39  5:11  Observation Protocol, Pylon  
  40  5:25  Probe (Chrono Boost)  
  40  5:37  Pylon  
  41  5:41  Probe (Chrono Boost)  
  39  6:01  Protoss Ground Weapons Level 1  
  39  6:04  Probe (Chrono Boost)  
  39  6:06  Twilight Council  
  39  6:07  Gravimetric Overload  
  39  6:14  Pylon  
  39  6:29  Probe (Chrono Boost)  
  40  6:37  Legionnaire  
  43  6:46  Probe (Chrono Boost)  
  42  6:51  Probe (Chrono Boost)  
  44  7:01  Stargate  
  44  7:03  Probe (Chrono Boost)  
  44  7:04  Stargate  
  44  7:05  Probe (Chrono Boost)  
  45  7:12  Talis' A.I. Personality  
  46  7:22  Conservator, Probe (Chrono Boost)  
  46  7:23  Gateway  
  46  7:27  Gateway  
  46  7:28  Gateway, Empowered Blades  
  48  7:35  Colossus  
  51  7:43  Probe (Chrono Boost)  
  52  7:54  Mojo's A.I. Personality  
  52  7:57  Probe (Chrono Boost)  
  53  8:06  Scout  
  53  8:08  Probe (Chrono Boost)  
  53  8:09  Probe (Chrono Boost)  
  58  8:16  Adept  
  60  8:21  Probe (Chrono Boost)  
  60  8:26  Probe (Chrono Boost)  
  60  8:28  Psionic Projection  
  62  8:32  Probe (Chrono Boost)  
  64  8:44  Probe (Chrono Boost)  
  64  8:46  Adept  
  67  8:50  Immortal  
  67  8:53  Probe (Chrono Boost)  
  67  8:56  Probe (Chrono Boost)  
  72  9:04  Adept x2  
  72  9:07  Legionnaire  
  79  9:16  Assimilator  
  79  9:19  Assimilator  
  79  9:27  Probe (Chrono Boost)  
  81  9:32  Probe (Chrono Boost)  
  81  9:39  Extended Thermal Lance  
  82  9:40  Probe (Chrono Boost)  
  82  9:42  Fleet Beacon  
  81  9:51  Probe (Chrono Boost)  
  81  9:52  Probe (Chrono Boost)  
  81  9:59  Conservator  
  82  10:07  Protoss Ground Weapons Level 2  
  82  10:21  Carrier  
  82  10:29  Probe (Chrono Boost)  
  81  10:30  Pylon  
  81  10:32  Pylon  
  81  10:34  Pylon, Probe (Chrono Boost)  
  81  10:37  Pylon  
  81  10:55  Clolarion's A.I. Personality, Colossus  
  93  11:21  Scout  
  93  11:27  Pylon  
  96  11:35  Pylon  
  98  11:41  Probe x2 (Chrono Boost)  
  98  11:44  Suppression Procedure  
  98  11:54  Debilitation System  
  98  11:56  Adept x4  
  106  12:13  Colossus  
  112  12:22  Protoss Ground Weapons Level 3  
  110  12:30  Adept x3  
  110  12:31  Legionnaire  
  119  12:42  Scout  
  119  12:44  Combat Sensor Array  
  119  12:51  Scout  
  125  13:20  Adept x2  
  125  13:27  Protoss Air Weapons Level 1, Pylon  
  125  13:28  Pylon  
  129  13:31  Pylon  
  127  13:41  Adept  
  127  13:48  Pylon  
  129  13:58  Adept x3  
  135  14:22  Conservator  
  135  14:28  Interdictors  
  130  14:39  Legionnaire  
  133  14:44  Adept x2  
  133  14:45  Colossus  
  134  15:14  Legionnaire  
  134  15:30  Scout x2  
  134  15:34  Graviton Catapult  
  128  15:51  Adept x4  
  127  16:08  Conservator  
  123  16:17  Legionnaire x4  
  131  16:32  Probe (Chrono Boost)  
  131  16:33  Probe (Chrono Boost)  
  131  16:48  Protoss Air Weapons Level 2  
  131  16:51  Adept  
  131  16:52  Adept x3  
  131  16:59  Scout  
  103  17:00  Scout  
  142  17:03  Stargate  
  142  17:04  Stargate  
  142  17:07  Protoss Shields Level 1  
  138  17:28  Conservator  
  138  17:29  Conservator  
  136  17:39  Scout x2  
  136  17:43  Adept x2  
  136  17:47  Gateway  
  136  17:49  Gateway  
  143  18:13  Pylon x2  
  137  18:29  Adept  
  136  18:30  Adept  
  136  18:34  Adept x2  
  116  19:00  Legionnaire x3  
  116  19:01  Legionnaire  
  116  19:09  Gateway  
  124  19:13  Gateway  
  124  19:15  Scout  
  124  19:16  Scout, Gateway  
  124  19:25  Scout x2  
  136  19:35  Adept x3  
  136  19:36  Legionnaire  
  136  20:07  Scout x2  
  136  20:14  Observer  
  136  20:16  Scout  
  136  20:19  Scout  
  147  20:36  Scout x2  
  143  20:44  Colossus  
  143  20:46  Scout  
  143  20:49  Scout  
  155  20:57  Pylon  
  153  21:06  Adept x2  
  153  21:07  Adept x2  
  153  21:09  Pylon  
  161  21:11  Pylon  
  161  21:28  Conservator  
  161  21:29  Conservator  
  165  21:38  Adept x3  
  165  21:39  Adept  
  173  21:57  Scout  
  173  22:00  Scout  
  173  22:04  Adept x2  
  173  22:05  Adept x2  
  184  22:10  Scout  
  173  22:56  Scout  
  173  22:59  Scout  
  176  23:01  Scout  
  176  23:05  Scout  
  178  23:13  Pylon  
  178  23:15  Pylon  
  178  23:17  Pylon  
  178  23:28  Probe x2 (Chrono Boost)  
  162  23:41  Conservator  
  162  23:42  Conservator x3  
Tags
 
Commander
FenixRaynor
League
Master
Matchup
Co-op
Replay Pack
Co-op Speedrun
Add a new tag
Caveats
  • Supply blocks, unpowered buildings, or Contaminate may cause inaccurate times.
  • Supply counts are checked every 10 seconds.